 Dungeon Crawl Stone Soup version 0.30.1-11-g7821555f0a (webtiles) character file.

Game seed: 15571374792815921389

44 ChrisAssaf the Charlatan (level 3, 0/26 HPs)
             Began as a Demonspawn Artificer on Dec 3, 2023.
             Slain by an adder (4 damage)
             ... on level 3 of the Dungeon.
             The game lasted 00:02:57 (778 turns).

ChrisAssaf the Charlatan (Demonspawn Artificer)      Turns: 778, Time: 00:02:57

Health: 0/26       AC:  3    Str: 12    XL:     3   Next: 41%
Magic:  3/3        EV: 11    Int: 14    God:
Gold:   54         SH:  0    Dex: 13    Spells: 2/2 levels left

rFire   . . .        i - +0 dagger (protect)
rCold   . . .        (no shield)
rNeg    . . .        b - +0 leather armour
rPois   .            (helmet restricted)
rElec   .            (no cloak)
rCorr   .            (no gloves)
SInv    .            (no boots)
Will    .....        (no amulet)
Stlth   +            (no ring)
HPRegen 0.24/turn    (no ring)
MPRegen 0.08/turn

%: no passive effects
@: lethally poisoned (0 -> -8)
A: horns 1
a: no special abilities


You were on level 3 of the Dungeon.
You visited 1 branch of the dungeon, and saw 3 of its levels.

You collected 54 gold pieces.

Inventory:

Hand Weapons
 i - a +0 dagger of protection (weapon)
Armour
 b - a +0 leather armour (worn)
Jewellery
 a - a ring of protection from cold
Wands
 c - a wand of flame (5) (quivered)
 d - a wand of charming (15)
 e - a wand of iceblast (4)
Potions
 f - a potion of cancellation
 g - a potion of heal wounds {unknown}
 h - a potion of mutation {unknown}


   Skills:
 * Level 1.4 Fighting
 + Level 0.3 Short Blades
 * Level 0.6 Axes
 * Level 2.1 Armour
 * Level 1.2 Dodging
 * Level 1.3 Stealth
 * Level 3.5 Evocations


You had 2 spell levels left.
You didn't know any spells.
Your spell library contained the following spells:

 Spells                   Type           Power      Damage    Failure   Level
 Lesser Beckoning         Tloc           0%         N/A       50%         2
 Gell's Gravitas          Tloc           0%         N/A       73%         3
 Teleport Other           Tloc           0%         N/A       73%         3


Dungeon Overview and Level Annotations

Branches:
Dungeon (3/15)

Altars:
Cheibriados
Kikubaaqudgha
Wu Jian


Innate Abilities, Weirdness & Mutations

You have a pair of small horns on your head.


Message History

You hit the quokka.
You kill the quokka!
HP restored.
Found an ancient bone altar of Kikubaaqudgha.
An adder comes into view.
The adder hisses angrily.
You see here a puce potion.
g - a puce potion The adder bites you.
Found an ivory wand.
The adder barely misses you. The adder bites you.
Why would you want to do that? The adder bites you but does no damage.
The adder bites you. Why would you want to do that?
The adder closely misses you. The adder attacks as you move away!
The adder misses you. The adder bites you. The adder closely misses you.
The adder bites you.
You are poisoned.
The adder poisons you!
You feel sick. The adder bites you.
You feel sick.
You feel sick.
The adder bites you but does no damage. x2
Aiming: Throw Flame
Press: ? - help, Shift-Dir - straight line, f - adder
Aim: an adder (53% to hit)
The puff of flame misses the adder.
You feel sick. The adder bites you.
You are more poisoned.
The adder poisons you!
Unknown command.
The adder attacks as you move away! The adder bites you.
You are lethally poisoned!
The adder poisons you!
* * * LOW HITPOINT WARNING * * *
You feel very sick.
It was a potion of cancellation.
You feel magically purged.
* * * LOW HITPOINT WARNING * * *
You feel very sick. The adder barely misses you. The adder bites you.
You die...

.# .... ####.#####
.# . ..# #.# .. #
#.##.###### #.# #.
#.# ....../.# #.# ..
#...##.#####.#
#.##.##.#.##.......#
..................##
.....##.≈≈≈≈≈≈≈...#
.## #.S@≈≈≈≈≈≈..#
#.8...._≈≈.##
#...≈≈≈≈≈≈.#
#.≈≈≈≈≈≈≈..#
............#
#......######
########


You could see an adder.

Vanquished Creatures
  2 adders (D:2)
  A worm (D:3)
  A dart slug (D:1)
  An endoplasm (D:1)
  A giant cockroach (D:3)
  2 jackals (D:1)
  2 quokkas
  2 ball pythons
  2 bats (D:3)
  2 frilled lizards (D:1)
  2 kobolds (D:1)
  5 rats
23 creatures vanquished.

Notes
Turn   | Place    | Note
-------+----------+-------------------------------------------
     0 | D:1      | ChrisAssaf the Demonspawn Artificer began the quest for the
                  | Orb.
     0 | D:1      | Reached XP level 1. HP: 15/15 MP: 1/1
   313 | D:1      | Reached skill level 1 in Stealth
   313 | D:1      | Gained mutation: You have a pair of small horns on your
                  | head. [demonic ancestry]
   313 | D:1      | Reached XP level 2. HP: 16/21 MP: 2/2
   416 | D:2      | Reached skill level 1 in Dodging
   454 | D:2      | Reached XP level 3. HP: 13/26 MP: 3/3
   581 | D:3      | Found an ornate altar of the Wu Jian Council.
   691 | D:3      | Found a snail-covered altar of Cheibriados.
   753 | D:3      | Found an ancient bone altar of Kikubaaqudgha.
   778 | D:3      | Slain by an adder

Illustrated notes

Levels and vault maps discovered:
D:1:      minmay_arrival_semitransparent, layout_basic
D:2:      layout_loops_ring, uniq_natasha, uniq_terence
D:3:      layout_loops_cross, mainiacjoe_overflow_catwalk,
          mainiacjoe_overflow_cross_hatched, nzn_wu_jian_council_hall

Skill      XL: |  1  2 |
---------------+-------+-----
Stealth        | 1 |  1.3
Armour         | 2 |  2.1
Dodging        | 1 |  1.2
Fighting       | |  1.4
Short Blades   | |  0.3
Axes           | |  0.6
Evocations     | |  3.5

Action                     || total
---------------------------++-------
  Melee: Hand axe          ||    20
         Dagger            ||    70
         Headbutt          ||     7
  Evoke: Wand              ||    11
    Use: Potion            ||     1
   Stab: Sleeping          ||     4
 Armour: Leather armour    ||    28
  Dodge: Dodged            ||    65
